 Dungeon Crawl Stone Soup version 0.25.1-9-gc5326a611f (webtiles) character file.

Game seed: 2902426666595341961

35 Etesian the Skirmisher (level 3, -6/29 HPs)
             Began as a Demonspawn Fighter on Aug 26, 2021.
             Mangled by Sigmund
             ... wielding a +0 scythe
              (10 damage)
             ... on level 2 of the Dungeon.
             The game lasted 00:01:46 (1001 turns).

Etesian the Skirmisher (Demonspawn Fighter)         Turns: 1001, Time: 00:01:46

Health: -6/29      AC:  7    Str: 17    XL:     3   Next: 17%
Magic:  3/3        EV:  6    Int:  9    God:
Gold:   32         SH:  8    Dex: 12    Spells: 2/2 levels left

rFire    + . .     SeeInvis .     - Unarmed
rCold    . . .     Gourm    .   b - +0 kite shield
rNeg     . . .     Faith    .   a - +0 scale mail
rPois    .         Spirit   .   (no helmet)
rElec    .         Reflect  .   (no cloak)
rCorr    .         Harm     .   g - +0 pair of gloves
MR       .....                  (no boots)
Stlth    ..........             p - amulet of inaccuracy (curse)
HPRegen  0.09/turn              (no ring)
MPRegen  0.08/turn              (no ring)

@: mighty
A: hooves 1, fire resistance 1
a: no special abilities


You were on level 2 of the Dungeon.
You were hungry.

You visited 1 branch of the dungeon, and saw 2 of its levels.

You collected 32 gold pieces.

Inventory:

Missiles
 h - 50 stones (quivered)
Armour
 a - a +0 scale mail (worn)
 b - a +0 kite shield (worn)
 g - a +0 pair of gloves (worn)
Jewellery
 p - a cursed amulet of inaccuracy (around neck)
Scrolls
 e - 3 scrolls of enchant weapon
 m - a scroll of teleportation
Potions
 i - a potion of haste
 k - 4 potions of curing
 l - 2 potions of cancellation
 o - a potion of lignification {unknown}
Comestibles
 d - a ration
 n - 5 chunks of flesh


   Skills:
 + Level 3.4 Fighting
 - Level 2.6 Armour
 - Level 2.6 Shields
 * Level 2.9 Unarmed Combat


You had 2 spell levels left.
You didn't know any spells.
Your spell library was empty.

Dungeon Overview and Level Annotations

Branches:
Dungeon (2/15)

Altars:
Sif Muna

Annotations:
D:2 Sigmund


Innate Abilities, Weirdness & Mutations

You have large cloven feet.
Your flesh is heat resistant. (rF+)


Message History

The magic dart hits you!
You closely miss Sigmund. You kick Sigmund!
Sigmund is severely wounded.
Sigmund casts a spell.
Sigmund flickers and vanishes!
Deactivating autopickup; reactivate with Ctrl-A.
No target in view!
No target in view!
You miss something. Something hits you!
You barely miss something. Something hits you but does no damage.
You completely miss something. Your kick misses something. Something hits you.
You barely miss something.
You are feeling hungry.
Something hits you!
* * * LOW HITPOINT WARNING * * *
You miss something.
You hear some strange, mumbled words.
Something tries to affect you, but you resist.
Something hits you!
You die...

##.## #......(..# #..#
########'## ##.#
#####.......#
##'###+#.#...........#
#.)......#.##........#
#.%......# ##........#
#........# #.........#
#........# ###.......#
#........# #@......#
#...$....# #.{.......#
#[.......# #.#.......#
#........# #.###+#####
#........# #


There were no monsters in sight!

Vanquished Creatures
  A dart slug (D:1)
  2 giant cockroaches
  7 goblins
  5 hobgoblins
  2 kobolds (D:1)
  A quokka (D:2)
  2 bats (D:1)
  4 frilled lizards (D:1)
  6 rats
30 creatures vanquished.

Notes
Turn   | Place    | Note
-------+----------+-------------------------------------------
     0 | D:1      | Etesian the Demonspawn Fighter began the quest for the Orb.
     0 | D:1      | Reached XP level 1. HP: 18/18 MP: 1/1
   213 | D:1      | Gained mutation: Your flesh is heat resistant. (rF+)
                  | [demonic ancestry]
   213 | D:1      | Reached XP level 2. HP: 18/24 MP: 2/2
   817 | D:2      | Gained mutation: You have large cloven feet. [demonic
                  | ancestry]
   817 | D:2      | Reached XP level 3. HP: 29/29 MP: 3/3
   851 | D:2      | Found a shimmering blue altar of Sif Muna.
   991 | D:2      | Noticed Sigmund
  1001 | D:2      | Mangled by Sigmund

Illustrated notes

Levels and vault maps discovered:
D:1:      giann_horns, layout_basic
D:2:      layout_basic, vehumet_crystals, old_standard_altar, uniq_sigmund

Skill      XL: |  1 |
---------------+----+-----
Unarmed Combat | 2 |  2.9
Fighting       | |  3.4
Armour         | |  2.6
Shields        | |  2.6

Action                   || total
-------------------------++-------
Melee: Unarmed           ||   131
       Kick              ||     5
  Use: Scroll            ||     5
       Potion            ||     1
Armor: Scale mail        ||    56
Dodge: Dodged            ||    23
Block: Kite shield       ||    43
